 Dungeon Crawl Stone Soup version 0.27-a0-1565-gad902ab807 (webtiles) character file.

Game seed: 10886408204899938815

425 nothank2 the Cudgeller (level 6, -3/40 HPs)
             Began as a Gargoyle Fighter on July 16, 2021.
             Killed by divine providence
             ... invoked by an orc priest
              (15 damage)
             ... on level 4 of the Dungeon.
             The game lasted 00:12:32 (4132 turns).

nothank2 the Cudgeller (Gargoyle Fighter)           Turns: 4132, Time: 00:12:33

Health: -3/40      AC: 11    Str: 21    XL:     6   Next: 96%
Magic:  6/6        EV:  7    Int: 15    God:
Gold:   184        SH:  9    Dex:  9    Spells: 5/5 levels left

rFire    . . .     SeeInvis .   a - +0 flail
rCold    . . .     Faith    .   c - +0 kite shield
rNeg     + . .     Spirit   .   b - +0 scale mail
rPois    ∞         Reflect  .   (no helmet)
rElec    +         Harm     .   (no cloak)
rCorr    .         Rampage  .   (no gloves)
Will     .....                  (no boots)
Stlth    ..........             (no amulet)
HPRegen  0.13/turn              o - +6 ring of intelligence
MPRegen  0.10/turn              (no ring)

@: no status effects
A: sickness immunity, AC +4, negative energy resistance 1, electricity
resistance, torment resistance 1, petrification resistance
a: no special abilities


You were on level 4 of the Dungeon.
You visited 1 branch of the dungeon, and saw 4 of its levels.

You collected 184 gold pieces.

Inventory:

Hand Weapons
 a - a +0 flail (weapon)
Missiles
 i - 47 poisoned darts (quivered)
Armour
 b - a +0 scale mail (worn)
 c - a +0 kite shield (worn)
Jewellery
 o - a +6 ring of intelligence (left hand)
Scrolls
 e - 2 scrolls of magic mapping {unknown}
 f - 3 scrolls of teleportation {unknown}
 g - 4 scrolls of identify {unknown}
 h - 3 scrolls of enchant weapon {unknown}
 j - 2 scrolls of fear {unknown}
 l - a scroll of amnesia {unknown}
 m - a scroll of fog {unknown}
 t - a scroll of noise {unknown}
Potions
 d - a potion of might
 k - a potion of haste {unknown}
 n - 3 potions of attraction {unknown}
 p - 2 potions of curing {unknown}
 q - a potion of cancellation {unknown}
 r - a potion of lignification {unknown}
 s - a potion of heal wounds {unknown}


   Skills:
 + Level 5.4 Fighting
 * Level 6.0 Maces & Flails
 - Level 3.2 Armour
 - Level 3.2 Shields


You had 5 spell levels left.
You didn't know any spells.
Your spell library contained the following spells:

 Spells                   Type           Power      Damage    Failure   Level
 Animate Skeleton         Necr           0%         N/A       97%         1
 Pain                     Necr           0%         1d4       97%         1
 Summon Small Mammal      Summ           0%         N/A       97%         1
 Call Canine Familiar     Summ           0%         N/A       100%        3
 Conjure Flame            Conj/Fire      0%         6-21      100%        3
 Dazzling Flash           Conj/Hex       0%         N/A       100%        3
 Ignite Poison            Fire/Tmut/Pois 0%         N/A       100%        3
 Summon Guardian Golem    Hex/Summ       0%         N/A       100%        3
 Vampiric Draining        Necr           0%         2d6       100%        3
 Sticky Flame             Conj/Fire      0%         2d3       100%        4
 Agony                    Necr           0%         N/A       100%        5
 Silence                  Hex/Air        0%         N/A       100%        5


Dungeon Overview and Level Annotations

Branches:
Dungeon (4/15)
 Temple: D:4-7

Altars:
Dithmenos
Fedhas
Trog

Shops:
D:1 !!(*   D:3 *?


Innate Abilities, Weirdness & Mutations

You are immune to sickness and miasma.
Your stone body is resilient. (AC +4)
You are immune to poison.
You resist negative energy. (rN+)
You are resistant to electric shocks. (rElec)
You are resistant to unholy torment.
You are immune to petrification.


Message History

The jackal is severely wounded.
The jackal bites you but does no damage.
You block the jackal's attack.
You closely miss the jackal.
The jackal is heavily wounded.
You block the jackal's attack. The jackal barely misses you.
You barely miss the jackal.
The jackal is heavily wounded.
The jackal barely misses you. x2
You closely miss the jackal.
The jackal is heavily wounded.
The jackal bites you but does no damage.
The jackal barely misses you.
You miss the jackal.
The jackal is heavily wounded.
You block the jackal's attack. The jackal closely misses you.
The orc priest calls down the wrath of Beogh upon you.
Beogh smites you!
* * * LOW HITPOINT WARNING * * *
You hear a shout!
You block the jackal's attack.
The jackal bites you but does no damage.
You block the jackal's attack.
The jackal bites you but does no damage.
The jackal bites you but does no damage.
You are too injured to fight recklessly!
You closely miss the jackal.
The jackal bites you but does no damage. x2
You closely miss the jackal. The jackal bites you.
* * * LOW HITPOINT WARNING * * *
The jackal bites you but does no damage.
You closely miss the jackal. You block the jackal's attack.
You barely miss the jackal. You block the jackal's attack.
An orc priest comes into view. It is wielding a +0 dagger.
The jackal barely misses you. You block the jackal's attack.
The jackal pauses to sniff the ground.
The orc priest invokes the aid of Beogh against you.
Beogh smites you!
You die...

... ...##..# ###.## .
#.##o.# ##........
#.##..# #..... ..
#o##..###### #.†# ..
#.##o....... ...#
.#### #.##h#######
#.##..).....# #.##.#
.......###..#####.##o#
#.###......>....@h.oh#
#.# ###..##.#######
#.# #..##.### #.#
#.......#
#.########...#.#.#
#................#
#.########...#.#.# ..#
#.......# ###
#.###.#.# ####


You could see a black bear, 2 orc priests, an orc and a jackal.

Vanquished Creatures
  A sky beast (D:4)
  A howler monkey (D:3)
  A hound (D:4)
  A jelly (D:4)
  A bullfrog skeleton (D:4)
  An iguana (D:4)
  An orc wizard (D:4)
  4 gnolls
  2 adders
  A worm (D:2)
  A dart slug (D:1)
  7 orcs
  9 bats
  6 endoplasms
  7 giant cockroaches
  4 goblins
  3 hobgoblins
  12 jackals
  4 quokkas
  5 ball pythons
  2 frilled lizards
  4 kobolds
  7 rats
85 creatures vanquished.

Notes
Turn   | Place    | Note
-------+----------+-------------------------------------------
     0 | D:1      | nothank2 the Gargoyle Fighter began the quest for the Orb.
     0 | D:1      | Reached XP level 1. HP: 14/14 MP: 1/1
   140 | D:1      | Found a faded altar of an unknown god.
   279 | D:1      | Reached XP level 2. HP: 19/19 MP: 2/2
   285 | D:1      | Found Sang's General Store.
   293 | D:1      | Found Soegeo's Weapon Shoppe.
   860 | D:1      | Found Irchol's Distillery.
   984 | D:1      | Found Zymarr Ruips's Distillery.
  1220 | D:2      | Reached skill level 3 in Maces & Flails
  1359 | D:2      | Reached XP level 3. HP: 24/24 MP: 3/3
  1968 | D:3      | Reached XP level 4. HP: 29/29 MP: 4/4
  1998 | D:3      | Found a shadowy altar of Dithmenos.
  2195 | D:3      | Found Efidoabb's Magic Scroll Shoppe.
  2299 | D:3      | Found a bloodstained altar of Trog.
  2335 | D:3      | Found Naohej's General Store.
  2366 | D:3      | Reached skill level 4 in Maces & Flails
  2597 | D:3      | Reached XP level 5. HP: 34/34 MP: 5/5
  2907 | D:3      | Found a blossoming altar of Fedhas.
  3237 | D:4      | Noticed a sky beast
  3257 | D:4      | Killed a sky beast
  3258 | D:4      | Reached skill level 5 in Fighting
  3258 | D:4      | Reached skill level 5 in Maces & Flails
  3258 | D:4      | Reached XP level 6. HP: 22/40 MP: 6/6
  4077 | D:4      | Noticed a black bear
  4107 | D:4      | Reached skill level 6 in Maces & Flails
  4132 | D:4      | Killed from afar by an orc priest

Illustrated notes

Levels and vault maps discovered:
D:1:      roderic_octagonal_star, layout_basic, serial_shops, shop,
          nicolae_shop_trees, nicolae_shop_stone, nicolae_shop_statue_plus,
          chequers_ecumenical_altar_simple_redux, chequers_serial_rivers_room_a
D:2:      layout_rooms
D:3:      layout_loops_ring, grunt_dithmenos_smoke_and_mirrors,
          nicolae_overflow_hidden_temple, serial_shops, shop, shop_statue,
          grunt_ministairs_7, minmay_joined_circles
D:4:      layout_loops_ring, nicolae_hepliaklqana_hippocampus,
          grunt_ministairs_14, uniq_eustachio

Skill      XL: |  1  2  3  4  5  6 |
---------------+-------------------+-----
Maces & Flails | 3 4 5 6 |  6.0
Fighting       | 4 5 |  5.4
Armour         | |  3.2
Shields        | |  3.2

Action                   |  1- 3 |  4- 6 || total
-------------------------+-------+-------++-------
Melee: Flail             |   119 |   232 ||   351
Throw: Dart              |     1 |     4 ||     5
Armor: Scale mail        |    84 |   151 ||   235
Dodge: Dodged            |    43 |    86 ||   129
Block: Kite shield       |    83 |   151 ||   234

Table legend: (Time is in decaauts)
 A = Elapsed time spent in this place.
 B = Non-inter-level travel time spent in this place.
 C = Inter-level travel time spent in this place.
 D = Time resting spent in this place.
 E = Time spent auto-exploring this place.
 F = Levels seen in this place.
 G = Mean time per level.
                   A        B        C        D        E       F      G
               +--------+--------+--------+--------+--------+-----+--------+
         Total |   4287 |   4181 |    106 |    288 |   3155 |   4 | 1071.8 |
       Dungeon |   4287 |   4181 |    106 |    288 |   3155 |   4 | 1071.8 |
               +--------+--------+--------+--------+--------+-----+--------+

Top non-repeatable levels by time:
     D:3: 1213 daAuts
     D:1: 1205 daAuts
     D:4: 1151 daAuts
     D:2: 717 daAuts
